 Dungeon Crawl Stone Soup version 0.26-a0-670-g578ab304f5 (webtiles) character file.

Game seed: 14611156863102171474

(classic levelgen) 49 EnegeticOcto the Digger (level 4, -6/27 HPs)
             Began as a Halfling Earth Elementalist on Oct 19, 2020.
             Mangled by dracos369's ghost (7 damage)
             ... on level 3 of the Dungeon.
             The game lasted 00:04:08 (490 turns).

EnegeticOcto the Digger (HaEE)                       Turns: 490, Time: 00:04:09

Health: -6/27      AC:  3    Str:  9    XL:     4   Next: 2%
Magic:  2/6        EV: 15    Int: 14    God:
Gold:   73         SH:  0    Dex: 14    Spells: 5/6 levels left

rFire    . . .     SeeInvis .   (weapon restricted)
rCold    . . .     Faith    .   (shield restricted)
rNeg     . . .     Spirit   .   c - +0 robe
rPois    .         Reflect  .   (no helmet)
rElec    .         Harm     .   g - +0 cloak
rCorr    .         Rampage  .   (no gloves)
MR       .....                  (no boots)
Stlth    ++........             (no amulet)
HPRegen  0.09/turn              (no ring)
MPRegen  0.10/turn              (no ring)

@: lethally poisoned (-6 -> -11)
A: small, mutation resistance 1
a: no special abilities


You were on level 3 of the Dungeon.
You visited 1 branch of the dungeon, and saw 3 of its levels.

You collected 73 gold pieces.

Inventory:

Hand Weapons
 a - the +8 demon trident "Rift" {distort, reach+}
   (You found it on level 3 of the Dungeon)

   It warps and distorts space around it.
   Unwielding it can cause banishment or high damage.
 h - a +0 dagger
Missiles
 b - 56 stones (quivered)
Armour
 c - a +0 robe (worn)
 g - a +0 cloak (worn)
Scrolls
 d - a scroll of teleportation {unknown}
 f - a scroll of fog {unknown}
 i - a scroll of enchant armour {unknown}
 k - a scroll of noise {unknown}
 l - a scroll of remove curse {@r2}


   Skills:
 - Level 2.1 Dodging
 - Level 2.1 Stealth
 - Level 1.5 Spellcasting
   Level 0.5 Transmutations
 + Level 4.6 Earth Magic


You had 5 spell levels left.
You knew the following spells:

 Your Spells              Type           Power        Failure   Level
a - Sandblast             Erth           ##....       3%          1

Your spell library contained the following spells:

 Spells                   Type           Power        Failure   Level
 Passwall                 Tmut/Erth      #.......     13%         2
 Stone Arrow              Conj/Erth      #.....       28%         3
 Petrify                  Tmut/Erth      #.......     65%         4
 Lee's Rapid Deconstruct  Erth           ##........   71%         5


Dungeon Overview and Level Annotations

Branches:
Dungeon (3/15)

Altars:

Portals:
Abyss: D:3

Annotations:
D:3 1 transporter, dracos369's ghost, amateur OgHu


Innate Abilities, Weirdness & Mutations

You are small and have problems with some larger weapons.
You are somewhat resistant to further mutation.


Message History

Dracos369's ghost is lightly damaged.
Dracos369's ghost barely misses you.
You barely miss dracos369's ghost.
Dracos369's ghost is lightly damaged.
Dracos369's ghost hits you but does no damage.
The crimson imp blinks!
You smack dracos369's ghost!
Dracos369's ghost is moderately damaged.
Dracos369's ghost hits you but does no damage.
The crimson imp shouts, "Turn tail, thou pox-marked tardy-gaited snack-pap!"
The crimson imp blinks!
The crimson imp enters a dispersal trap!
The small abomination blinks!
Dracos369's ghost blinks!
Unknown command.
Casting: Sandblast (safe; 3% risk of failure)
Confirm with . or Enter, or press ? or * to list all spells.
Aiming: Sandblast (safe; 3% risk of failure)
Press: ? - help, Shift-Dir - straight line, f - small abomination, p - dracos369's ghost
Aim: a small abomination The blast of sand hits the small abomination!
The small abomination is moderately damaged.
b - 56 stones You aren't carrying any items that you can evoke.
As you read the scroll labeled WIEROR JAPTOGO, it crumbles to dust.
You feel aware of your surroundings.
It was a scroll of magic mapping.
Dracos369's ghost enters a dispersal trap!
The crimson imp blinks! x2; The small abomination blinks!
Dracos369's ghost blinks!
As you read the scroll labeled QITYUQUWIWK, it crumbles to dust.
It is a scroll of identify.
l - a scroll of remove curse
Okay, then.
You hit dracos369's ghost.
Dracos369's ghost is moderately damaged.
Dracos369's ghost hits you.
The crimson imp disappears for a moment.
You smack dracos369's ghost!
Dracos369's ghost is heavily damaged.
Dracos369's ghost hits you but does no damage.
The crimson imp hits you.
You hit dracos369's ghost.
Dracos369's ghost is heavily damaged.
Dracos369's ghost hits you but does no damage.
The crimson imp hits you but does no damage.
You hit dracos369's ghost but do no damage.
Dracos369's ghost is heavily damaged.
Dracos369's ghost hits you but does no damage.
The crimson imp hits you but does no damage.
You hit dracos369's ghost.
Dracos369's ghost is severely damaged.
Your transformation is almost over.
Dracos369's ghost barely misses you.
The crimson imp blinks!
The crimson imp enters a dispersal trap!
Dracos369's ghost blinks!
The crimson imp blinks!
You hit dracos369's ghost but do no damage.
Dracos369's ghost is severely damaged.
Dracos369's ghost hits you but does no damage.
You smack dracos369's ghost!
Dracos369's ghost is severely damaged.
Dracos369's ghost hits you.
* * * LOW HITPOINT WARNING * * *
You are poisoned.
You hit dracos369's ghost but do no damage.
Dracos369's ghost is severely damaged.
You feel sick.
Dracos369's ghost hits you but does no damage.
You hit dracos369's ghost.
Dracos369's ghost is severely damaged.
You feel sick. Dracos369's ghost hits you.
* * * LOW HITPOINT WARNING * * *
You are more poisoned.
You barely miss dracos369's ghost.
Dracos369's ghost is severely damaged.
Dracos369's ghost hits you but does no damage.
You hit dracos369's ghost.
Dracos369's ghost is almost destroyed.
* * * LOW HITPOINT WARNING * * *
You feel sick.
Dracos369's ghost screams, "Zot is a myth, the ORB is a fable, you'll soon be a tale!"
Dracos369's ghost hits you but does no damage.
You barely miss dracos369's ghost.
Dracos369's ghost is almost destroyed.
* * * LOW HITPOINT WARNING * * *
You feel sick.
Dracos369's ghost hits you but does no damage.
You barely miss dracos369's ghost.
Dracos369's ghost is almost destroyed.
You feel less wooden.
Your +0 cloak unmelds from your body.
Your +0 robe unmelds from your body.
* * * LOW HITPOINT WARNING * * *
You feel sick. Dracos369's ghost closely misses you.
* * * LOW HITPOINT WARNING * * *
You feel sick.
* * * LOW HITPOINT WARNING * * *
You feel sick.
You see here the +8 demon trident "Rift" {distort, reach+}.
a - the +8 demon trident "Rift" {distort, reach+}
* * * LOW HITPOINT WARNING * * *
You feel sick. Dracos369's ghost hits you!
You die...

***#..##.#####.#####
#.##.#****
###.##>#####.#####
#.##......
#####..©.....##......#
#.########
......###.......####.# #.#
.##..##.###...###©.#.# #.#
.....#.##,#..##.5###.# #.#
.##..##...####..#.#..##*,#
.##.†.##,#..©.x##.##..#*.#
.......##..#.#.#@#.##.##.##
.......©#.#^.$xW#...#.....#
****
.##...###..####..^.##..##.#
*,,,
.##..##..####.##..##...#*,*
*,**
.<...##..##...,##.##...#*,*
*,*
.###.#..##...###...##..#*,*
*,*
####.##.##..###∩#...#..#*,*
*,*
......#$##..#$.#...##..#*,*
*,*
###.†.#K##..##,,####...#*,*
*,*


You could see a small abomination and dracos369's ghost.

Vanquished Creatures
  An adder (D:2)
  A shadow imp (D:3)
  A worm (D:2)
  2 leopard geckos (D:2)
  3 bats
  2 goblins (D:2)
  2 hobgoblins
  2 jackals (D:2)
  A quokka (D:3)
  A ball python (D:2)
  4 frilled lizards
  6 kobolds
  3 rats (D:2)
29 creatures vanquished.

Notes
Turn   | Place    | Note
-------+----------+-------------------------------------------
     0 | D:1      | EnegeticOcto the Halfling Earth Elementalist began the
                  | quest for the Orb.
     0 | D:1      | Reached XP level 1. HP: 11/11 MP: 3/3
    54 | D:2      | Reached XP level 2. HP: 7/17 MP: 0/4
   214 | D:2      | Reached skill level 4 in Earth Magic
   214 | D:2      | Reached XP level 3. HP: 17/21 MP: 3/5
   392 | D:3      | Found the +8 demon trident "Rift" {distort, reach+}
   400 | D:3      | Found a one-way gate to the infinite horrors of the Abyss.
   411 | D:3      | Noticed a big kobold
   422 | D:3      | Found a transporter.
   433 | D:3      | Found a transporter.
   461 | D:3      | Noticed dracos369's ghost (amateur OgHu)
   462 | D:3      | Reached XP level 4. HP: 18/27 MP: 1/6
   465 | D:3      | Noticed a small abomination
   490 | D:3      | HP: 1/27 [poisoned by dracos369's ghost]
   490 | D:3      | Mangled by dracos369's ghost

Illustrated notes

Levels and vault maps discovered:
D:1:      dpeg_arrival_pond, layout_basic
D:2:      layout_basic, overflow_temple_1_default, minmay_pentomino_p2
D:3:      minmay_thinvault, layout_loops_ring, gammafunk_ghost_abyssal_escape,
          minmay_misc_feat_ornament, uniq_ijyb

Skill      XL: |  1  2 |
---------------+-------+-----
Earth Magic    | 4 |  4.6
Dodging        | |  2.1
Stealth        | |  2.1
Spellcasting   | |  1.5
Transmutations | |  0.5

Action                   |  1- 3 |  4- 6 || total
-------------------------+-------+-------++-------
Melee: Unarmed           |    11 |    18 ||    29
       Dagger            |    11 |       ||    11
 Cast: Sandblast         |    31 |     2 ||    33
  Use: Potion            |     1 |       ||     1
       Scroll            |       |     2 ||     2
 Stab: Sleeping          |     3 |       ||     3
Armor: Skin              |    12 |    14 ||    26
Dodge: Dodged            |    18 |     3 ||    21

Table legend: (Time is in decaauts)
 A = Elapsed time spent in this place.
 B = Non-inter-level travel time spent in this place.
 C = Inter-level travel time spent in this place.
 D = Time resting spent in this place.
 E = Time spent auto-exploring this place.
 F = Levels seen in this place.
 G = Mean time per level.
                   A        B        C        D        E       F      G
               +--------+--------+--------+--------+--------+-----+--------+
         Total |    490 |    470 |     20 |      0 |      0 |   3 |  163.3 |
       Dungeon |    490 |    470 |     20 |      0 |      0 |   3 |  163.3 |
               +--------+--------+--------+--------+--------+-----+--------+

Top non-repeatable levels by time:
     D:2: 231 daAuts
     D:3: 139 daAuts
     D:1: 120 daAuts
